 Dungeon Crawl Stone Soup version 0.22-a0-619-ga0c6fd2 (webtiles) character file.

917 Gildeon the Covert (level 7, -1/35 HPs)
             Began as a Spriggan Assassin on July 14, 2018.
             Was an Initiate of Dithmenos.
             Slain by an ice beast (10 damage)
             ... on level 5 of the Dungeon.
             The game lasted 00:30:20 (4830 turns).

Gildeon the Covert (Spriggan Assassin)              Turns: 4830, Time: 00:30:21

Health: -1/35      AC:  4    Str:  9    XL:     7   Next: 83%
Magic:  8/8        EV: 37    Int: 13    God:    Dithmenos [......]
Gold:   112        SH:  0    Dex: 22    Spells: 6/6 levels left

rFire    . . .     SeeInvis +   a - +3 dagger
rCold    . . .     Gourm    .   (shield restricted)
rNeg     . . .     Faith    .   c - +1 robe
rPois    .         Spirit   .   (helmet restricted)
rElec    .         Reflect  .   d - +0 cloak
rCorr    .         Harm     .   (gloves unavailable)
MR       +....                  (boots unavailable)
Stlth    +++++.....             l - amulet of the acrobat
HPRegen  0.11/turn              h - +5 ring of dexterity
MPRegen  0.11/turn              r - ring of flight

@: very quick
A: very small, unfitting armour, see invisible, herbivore, speed 3, slow
metabolism 2
a: Renounce Religion, Evoke Flight


You were on level 5 of the Dungeon.
You worshipped Dithmenos.
Dithmenos was noncommittal.
You were not hungry.

You visited 2 branches of the dungeon, and saw 6 of its levels.

You collected 112 gold pieces.

Inventory:

Hand Weapons
 a - a +3 dagger (weapon)
 b - a +0 blowgun
Missiles
 o - 4 needles of sleeping
Armour
 c - a +1 robe (worn)
 d - a +0 cloak (worn)
Jewellery
 h - a +5 ring of dexterity (left hand)
 l - an amulet of the acrobat (around neck)
 r - a ring of flight (right hand)
Scrolls
 f - a scroll of amnesia
Potions
 e - a potion of brilliance {unknown}
 i - a potion of flight
 j - 2 potions of haste
 p - 3 potions of lignification
Comestibles
 g - 7 rations


   Skills:
 + Level 2.7 Fighting
 - Level 5.7 Short Blades
 + Level 3.5 Throwing
 - Level 5.2 Dodging
 - Level 10.0 Stealth
 + Level 0.0 Evocations


You had 6 spell levels left.
You didn't know any spells.
Your spell library contained the following spells:

 Spells                   Type           Power        Failure   Level  Hunger
 Animate Skeleton         Necr           N/A          30%         1    ##.....


Dungeon Overview and Level Annotations

Branches:
Dungeon (5/15)             Temple (1/1) D:4

Altars:
Ashenzari
Cheibriados
Dithmenos
Fedhas
Hepliaklqana
Kikubaaqudgha
Nemelex Xobeh
Qazlal
Ru
Sif Muna
Trog
Uskayaw
Vehumet
Yredelemnul
Zin
The Shining One

Shops:
D:4 *

Annotations:
D:2 1 runed door
D:5 Dowan, Eustachio


Innate Abilities, Weirdness & Mutations

You are very small and have problems with some larger weapons.
You are too small for most types of armour.
You have supernaturally acute eyesight. (SInv)
You are a herbivore.
You cover ground extremely quickly.
You need to consume almost no food.


Message History

The ice beast is moderately wounded.
Firing (i - inventory. (/) - cycle)
q - a poisoned needle (quivered)
Press: ? - help, Shift-Dir - straight line, f/p - ice beast
Aim: an ice beast (moderately wounded)
You shoot a poisoned needle. The poisoned needle hits the ice beast!
The ice beast is moderately wounded.
You see here a fuming silvery potion.
Firing (i - inventory)
o - 5 needles of sleeping (quivered)
Press: ? - help, Shift-Dir - straight line, f/p - ice beast
Aim: an ice beast (lightly wounded)
You shoot a needle of sleeping.
The needle of sleeping hits the ice beast!
The ice beast is lightly wounded.
e - a fuming silvery potion Wield which item (- for none, * to show all)? (? for menu, Esc to quit)
a - a +3 dagger (weapon)
The ice beast hits you.
* * * LOW HITPOINT WARNING * * *
The ice beast freezes you!
You die...

####.#### # .......# .#
#### #...#.# ... ...# .
#...#.# .. ##.# #.
#...#.##.# ##.####..
#........# .....#
#.#####.#.#.# ####.#
#.......Y@..#
###...(...### #..(#####
#...# #..(# #...#########
.### ####...##......# #
.... 5...............#
.##.. ....
................####......


You could see an ice beast.

Vanquished Creatures
  Grinder (D:3)
  Duvessa (D:5)
  A sky beast (D:3)
  2 ogres (D:4)
  A crimson imp (D:5)
  2 hounds
  An orc wizard (D:4)
  An orc priest (D:4)
  Terence (D:3)
  Jessica (D:2)
  5 adders
  2 oozes (D:1)
  An adder skeleton (D:4)
  A worm (D:3)
  A dart slug (D:1)
  3 leopard geckos
  9 orcs
  4 ball pythons
  7 bats
  5 giant cockroaches
  4 goblins
  7 hobgoblins
  2 jackals (D:1)
  6 kobolds
  4 frilled lizards
  A jackal zombie (D:5)
  6 rats
80 creatures vanquished.

Notes
Turn   | Place    | Note
-------+----------+-------------------------------------------
     0 | D:1      | Gildeon the Spriggan Assassin began the quest for the Orb.
     0 | D:1      | Reached XP level 1. HP: 10/10 MP: 2/2
   176 | D:1      | Reached skill level 6 in Stealth
   275 | D:1      | Reached XP level 2. HP: 10/14 MP: 3/3
   798 | D:1      | Reached XP level 3. HP: 17/18 MP: 4/4
  1332 | D:2      | Found a runed door.
  1383 | D:2      | Found an ancient bone altar of Kikubaaqudgha.
  1387 | D:2      | Found a deep blue altar of Sif Muna.
  1389 | D:2      | Found a radiant altar of Vehumet.
  1403 | D:2      | Identified Kikubaaqudgha's Almanac of Black Arts
  1450 | D:2      | Noticed Jessica
  1457 | D:2      | Killed Jessica
  1457 | D:2      | Reached skill level 7 in Stealth
  1457 | D:2      | Reached XP level 4. HP: 22/22 MP: 5/5
  1507 | D:2      | Found a hide-covered altar of Uskayaw.
  1881 | D:3      | Noticed Grinder
  2089 | D:3      | Reached XP level 5. HP: 18/25 MP: 6/6
  2191 | D:3      | Noticed Terence
  2196 | D:3      | Killed Terence
  2242 | D:3      | Noticed a sky beast
  2608 | D:3      | Killed a sky beast
  2608 | D:3      | Reached skill level 5 in Dodging
  2608 | D:3      | Reached skill level 8 in Stealth
  2608 | D:3      | Reached XP level 6. HP: 15/30 MP: 7/7
  2896 | D:3      | Killed Grinder
  2896 | D:3      | Reached skill level 5 in Short Blades
  2910 | D:4      | Found Upeshrist's Assorted Antiques.
  3266 | D:4      | Found a staircase to the Ecumenical Temple.
  3270 | D:4      | Found a snail-covered altar of Cheibriados.
  3282 | Temple   | Entered the Ecumenical Temple
  3336 | Temple   | Became a worshipper of Dithmenos the Shadowed
  3688 | D:4      | Reached XP level 7. HP: 24/35 MP: 8/8
  3823 | D:4      | Reached skill level 9 in Stealth
  4280 | D:5      | Entered Level 5 of the Dungeon
  4438 | D:5      | Found a sparkling altar of Nemelex Xobeh.
  4675 | D:5      | Found a stormy altar of Qazlal.
  4735 | D:5      | Noticed Duvessa
  4739 | D:5      | Noticed Eustachio
  4741 | D:5      | Killed Duvessa
  4741 | D:5      | Reached skill level 10 in Stealth
  4741 | D:5      | Noticed Dowan
  4830 | D:5      | Slain by an ice beast

Vault maps used:
D:1:      dpeg_arrival_arbitrary_c
D:2:      grunt_temple_overflow_magic_moments, marbit_many_paths, first_ration,
          uniq_crazy_yiuf_cottage, uniq_jessica
D:3:      uniq_terence, uniq_grinder
D:4:      cheibriados_altar_1, minmay_temple_entry_statues_pillars,
          serial_shops, nicolae_shop_waterfront, hangedman_decor_diamond_cutter
D:5:      kennysheep_little_box, lemuel_coloured_pillars_altar,
          nicolae_overflow_hidden_temple, uniq_menkaure, uniq_eustachio,
          uniq_duvessa
Temple:   compressed_dpeg_triangle_lava_temple

Skill      XL: |  1  2  3  4  5  6  7 |
---------------+----------------------+-----
Stealth        | 6 7 8 10 | 10.0
Dodging        | 2 3 4 5 |  5.2
Short Blades   | 3 4 5 |  5.7
Fighting       | 2 |  2.7
Throwing       | 3 |  3.5

Action                   |  1- 3 |  4- 6 |  7- 9 || total
-------------------------+-------+-------+-------++-------
Melee: Dagger            |    83 |   152 |   107 ||   342
 Fire: Blowgun           |     6 |    20 |    27 ||    53
  Use: Scroll            |     5 |     6 |     1 ||    12
       Potion            |       |     2 |     1 ||     3
 Stab: Sleeping          |    12 |     1 |     4 ||    17
       Distracted        |       |     4 |       ||     4
  Eat: Ration            |       |       |     1 ||     1
Armor: Robe              |     9 |     8 |    11 ||    28
Dodge: Dodged            |    57 |   115 |    74 ||   246

Table legend:
 A = Spawn XP
 B = Non-spawn XP
 C = Spawn XP percentage of total XP
 D = Spawn monster count
 E = Non-spawn monster count
 F = Spawn count percentage of total count
 G = Total turns spent on level
                    A         B        C        D         E        F      G
               +---------+---------+-------+---------+---------+-------+---------
         Total |       0 |    1310 |   0.0 |       0 |      80 |   0.0 |  4830
               +---------+---------+-------+---------+---------+-------+---------
           D:1 |       0 |      52 |   0.0 |       0 |      23 |   0.0 |   965
           D:2 |       0 |      91 |   0.0 |       0 |      16 |   0.0 |   823
           D:3 |       0 |     559 |   0.0 |       0 |      24 |   0.0 |  1117
           D:4 |       0 |     403 |   0.0 |       0 |      12 |   0.0 |  1251
           D:5 |       0 |     205 |   0.0 |       0 |       5 |   0.0 |   413
               +---------+---------+-------+---------+---------+-------+---------
